 Dungeon Crawl Stone Soup version 0.17.1-1-g73c8601 (webtiles) character file.

538 Goblin1989 the Poker (level 7, -5/52 HPs)
             Began as a Formicid Fighter on Dec 23, 2015.
             Was a Follower of Cheibriados.
             Slain by Menkaure (13 damage)
             ... on level 5 of the Dungeon.
             The game lasted 00:11:38 (3217 turns).

Goblin1989 the Poker (Formicid Fighter)             Turns: 3217, Time: 00:11:40

Health: -5/52      AC: 14    Str: 24    XL:     7   Next: 51%
Magic:  18/18      EV:  5    Int: 10    God:    Cheibriados [*.....]
Gold:   276        SH: 11    Dex: 15    Spells: 0 memorised, 6 levels left

rFire  . . .     SeeInvis +     a - +0 trident
rCold  . . .     Clarity  .     n - +0 plate armour
rNeg   . . .     SustAt   .     c - +1 shield
rPois  .         Gourm    .     (helmet unavailable)
rElec  .         Spirit   .     (no cloak)
rCorr  .         Warding  .     (no gloves)
rMut   .         Stasis   +     (no boots)
MR     .....                    (no amulet)
Stlth  ..........               p - +3 ring of protection
                                f - ring of magical power

@: very slow, not resistant to hostile enchantments, extremely unstealthy
A: permanent stasis, dig shafts and tunnels, four strong arms, antennae 3
a: Dig, Shaft Self, Bend Time, Renounce Religion


You were on level 5 of the Dungeon.
You worshipped Cheibriados.
Cheibriados was aware of your devotion.
You were hungry.

You visited 1 branch of the dungeon, and saw 5 of its levels.

You collected 276 gold pieces.

Inventory:

Hand Weapons
 a - a +0 trident (weapon)
Missiles
 b - 30 bolts
Armour
 c - a +1 shield (worn)
 n - a +0 plate armour (worn)
Jewellery
 f - a ring of magical power (left hand)
 h - an uncursed ring of magical power
 p - a +3 ring of protection (right hand)
Wands
 v - a wand of slowing (35)
Scrolls
 i - 2 scrolls of recharging
 l - a scroll of remove curse
 o - a scroll of enchant armour
 q - a scroll of fog
 t - a scroll of random uselessness
Potions
 g - a potion of resistance
 m - a potion of berserk rage
 s - a potion of invisibility
 u - a potion of curing
Books
 r - a Young Poisoner's Handbook

   Spells                             Type                      Level
   a - Sting                          Conjuration/Poison           1
   b - Cure Poison                    Poison                       2
   c - Mephitic Cloud                 Conjuration/Poison/Air       3
   d - Olgreb's Toxic Radiance        Poison                       4
   e - Venom Bolt                     Conjuration/Poison           5
Comestibles
 d - a meat ration
 e - 4 bread rations
 k - 2 beef jerkies


   Skills:
 - Level 3.2 Fighting
 * Level 6.9 Polearms
 - Level 3.2 Armour
 - Level 3.6 Shields
 + Level 3.7 Invocations


You had 6 spell levels left.
You didn't know any spells.

Dungeon Overview and Level Annotations

Branches:
Dungeon (5/15)             Temple (0/1) D:4

Altars:
Cheibriados
Elyvilon
Makhleb
Ru
Trog

Shops:
D:5 *

Annotations:
D:5 Menkaure


Innate Abilities, Weirdness & Mutations

You are under a permanent stasis effect.
You can dig through walls and to a lower floor.
Your four strong arms can wield two-handed weapons with a shield.
You have a pair of large antennae on your head (SInv).


Message History

Menkaure seems to speed up.
You are feeling hungry.
You hit Menkaure.
Menkaure is moderately damaged.
Menkaure hits you.
* * * LOW HITPOINT WARNING * * *
You hit Menkaure.
Menkaure is moderately damaged.
You block Menkaure's attack.
You hit Menkaure.
Menkaure is heavily damaged.
Menkaure sighs drily.
You block Menkaure's attack.
You puncture Menkaure!
Menkaure is severely damaged.
Menkaure calls on the powers of darkness!
Your body is wracked with pain!
* * * LOW HITPOINT WARNING * * *
Menkaure hits you!
You die...

.............####
.............#....#
.............# ...+ .
.............# ... ..
.............# ... ..
.............###.# .#
##.............#.##..###
.#.............#........
<#.............'@M......
.#.............#........
.#.............#........
.#.............#........
.#.............#........
##.......†.....##########
##
...##'#######.......###.#
#.. ...#(..#
#.......+...# ....
...#...#
#.......#...#.....


You could see Menkaure.

Vanquished Creatures
  The ghost of fredomojojo the Stinger, an amateur FoVM of Sif Muna (D:5)
  A scorpion (D:5)
  3 hounds
  2 worker ants (D:4)
  5 gnolls
  5 adders
  3 worms
  4 giant geckos
  6 orcs
  A giant cockroach (D:5)
  8 goblins
  8 hobgoblins
  7 bats
  3 giant newts
  5 kobolds
  A quokka skeleton (D:4)
  3 rats
66 creatures vanquished.

Notes
Turn   | Place    | Note
--------------------------------------------------------------
     0 | D:1      | Goblin1989 the Formicid Fighter began the quest for the Orb.
     0 | D:1      | Reached XP level 1. HP: 18/18 MP: 1/1
    52 | D:1      | Reached XP level 2. HP: 24/24 MP: 2/2
   215 | D:1      | Reached XP level 3. HP: 20/29 MP: 3/3
   748 | D:2      | Found a white marble altar of Elyvilon.
   987 | D:2      | Reached skill level 4 in Polearms
   987 | D:2      | Reached XP level 4. HP: 35/35 MP: 4/4
  1014 | D:2      | Found a snail-covered altar of Cheibriados.
  1026 | D:2      | Became a worshipper of Cheibriados the Contemplative
  1705 | D:3      | Reached * piety under Cheibriados
  1705 | D:3      | Reached XP level 5. HP: 26/41 MP: 5/5
  1710 | D:3      | Reached skill level 5 in Polearms
  2001 | D:4      | Reached skill level 1 in Invocations
  2051 | D:4      | Found a bloodstained altar of Trog.
  2062 | D:4      | Found a staircase to the Ecumenical Temple.
  2266 | D:4      | Found a burning altar of Makhleb.
  2266 | D:4      | Found a sacrificial altar of Ru.
  2530 | D:4      | Reached XP level 6. HP: 43/47 MP: 7/7
  2644 | D:5      | Entered Level 5 of the Dungeon
  2645 | D:5      | Found Umuga's Elemental Accessories.
  2823 | D:5      | Noticed fredomojojo's ghost (amateur FoVM)
  2833 | D:5      | Killed fredomojojo's ghost
  2833 | D:5      | Reached skill level 6 in Polearms
  2833 | D:5      | Reached XP level 7. HP: 35/52 MP: 9/9
  3201 | D:5      | Noticed Menkaure
  3217 | D:5      | Slain by Menkaure

Action                   |  1- 3 |  4- 6 |  7- 9 || total
-------------------------+-------+-------+-------++-------
Melee: Trident           |    85 |   159 |    26 ||   270
  Use: Scroll            |       |     8 |     3 ||    11
       Potion            |       |     5 |       ||     5
  Eat: Chunk             |       |     5 |       ||     5
